 Dungeon Crawl Stone Soup version 0.26.1-11-gd32895ea62 (webtiles) character file.

Game seed: 8155385411630675445

469 dtburroughs the Skirmisher (level 6, -11/56 HPs)
             Began as a Minotaur Berserker on June 12, 2021.
             Was a Believer of Trog.
             Mangled by an orc warrior
             ... wielding a +0 glaive
              (23 damage)
             ... on level 4 of the Dungeon.
             The game lasted 00:05:18 (4165 turns).

dtburroughs the Skirmisher (Minotaur Berserker)     Turns: 4165, Time: 00:05:18

Health: -11/56     AC:  4    Str: 22    XL:     6   Next: 82%
Magic:  5/5        EV: 13    Int:  6    God:    Trog [**....]
Gold:   154        SH:  0    Dex:  9    Spells: 5/5 levels left

rFire    . . .     SeeInvis .   f - +1 hand axe (flame)
rCold    . . .     Faith    .   (no shield)
rNeg     . . .     Spirit   .   t - +0 leather armour
rPois    .         Reflect  .   (helmet restricted)
rElec    .         Harm     .   (no cloak)
rCorr    .         Rampage  .   (no gloves)
Will     .....                  l - +0 pair of boots (curse)
Stlth    +.........             (no amulet)
HPRegen  0.18/turn              (no ring)
MPRegen  0.09/turn              (no ring)

@: no status effects
A: retaliatory headbutt, horns 2
a: Renounce Religion, Berserk, Trog's Hand


You were on level 4 of the Dungeon.
You worshipped Trog.
Trog was pleased with you.
You visited 1 branch of the dungeon, and saw 4 of its levels.

You collected 154 gold pieces.

Inventory:

Hand Weapons
 a - a +0 hand axe
 f - a +1 hand axe of flaming (weapon)
Armour
 l - a cursed +0 pair of boots (worn)
 t - a +0 leather armour (worn)
Jewellery
 n - an uncursed amulet of guardian spirit {unknown}
Scrolls
 b - a scroll of fear {unknown}
 d - a scroll of magic mapping {unknown}
 e - 3 scrolls of identify {unknown}
 i - 3 scrolls of amnesia {unknown}
 k - 6 scrolls of teleportation {unknown}
 o - a scroll of blinking {unknown}
 p - a scroll of enchant weapon {unknown}
 s - a scroll of random uselessness {unknown}
Potions
 c - a potion of curing
 g - a potion of lignification {unknown}
 h - a potion of cancellation {unknown}
 j - a potion of haste {unknown}
 m - 4 potions of flight {unknown}
 q - a potion of brilliance {unknown}
 r - a potion of magic {unknown}
 u - a potion of mutation {unknown}


   Skills:
 + Level 5.6 Fighting
 + Level 5.6 Axes
 + Level 4.8 Armour
 + Level 4.4 Dodging


You had 5 spell levels left.
You didn't know any spells.
Your spell library was empty.

Dungeon Overview and Level Annotations

Branches:
Dungeon (4/15)
 Temple: D:4-7

Altars:
Hepliaklqana
Wu Jian


Innate Abilities, Weirdness & Mutations

You reflexively headbutt those who attack you in melee.
You have a pair of horns on your head.


Message History

You hit the orc warrior. You burn the orc warrior.
The orc warrior is lightly wounded.
The orc warrior barely misses you.
You hit the orc warrior but do no damage.
The orc warrior is lightly wounded.
You hit the orc warrior. You burn the orc warrior.
The orc warrior is lightly wounded.
The orc warrior barely misses you.
You slash the orc warrior! You burn the orc warrior.
The orc warrior is severely wounded.
The orc warrior hits you with a +0 glaive.
You closely miss the orc warrior.
The orc warrior is severely wounded.
The orc warrior hits you with a +0 glaive!
* * * LOW HITPOINT WARNING * * *
You hit the orc warrior but do no damage.
You headbutt the orc warrior.
The orc warrior is severely wounded.
The orc warrior hits you with a +0 glaive!!
You die...

.<.#......#
#.#####.#.
#.........#
#.#####.##
+.........#
#.#.......
#.........#
#.#.###.##
#.........#######
#.#.###...
####............#####
###.##.)..
##......###.##...#...
#.##.... #......#
#.#.)...... ##.'....
#......# #..@o......
###.... #......#
###.....[.. #......
#....(.# ##...#...
####### ######## ####
#


You could see an orc warrior.

Vanquished Creatures
  Sigmund (D:2)
  A howler monkey (D:4)
  A bullfrog skeleton (D:4)
  Jessica (D:2)
  2 worker ants (D:4)
  A hound skeleton (D:4)
  7 adders
  2 worms
  4 dart slugs
  5 leopard geckos
  5 giant cockroaches
  14 goblins
  9 hobgoblins
  4 jackals
  7 kobolds
  A quokka (D:2)
  3 bats
  6 frilled lizards
  A jackal skeleton (D:4)
  6 rats
81 creatures vanquished.

Notes
Turn   | Place    | Note
-------+----------+-------------------------------------------
     0 | D:1      | dtburroughs the Minotaur Berserker began the quest for the
                  | Orb.
     0 | D:1      | Reached XP level 1. HP: 19/19 MP: 0/0
     0 | D:1      | Noticed a felid
     4 | D:1      | Noticed a gargoyle
     7 | D:1      | Noticed a centaur
     8 | D:1      | Noticed a dwarf
    17 | D:1      | Noticed a troll
    21 | D:1      | Noticed a human
   120 | D:1      | Reached XP level 2. HP: 17/27 MP: 1/1
   996 | D:1      | Reached ** piety under Trog
   997 | D:1      | Reached XP level 3. HP: 33/33 MP: 2/2
  1203 | D:2      | Found a hazy altar of Hepliaklqana.
  1255 | D:2      | Noticed Jessica
  1288 | D:2      | Killed Jessica
  1289 | D:2      | Reached XP level 4. HP: 37/41 MP: 3/3
  1562 | D:2      | Noticed Sigmund
  1881 | D:2      | Killed Sigmund
  1882 | D:2      | Reached skill level 5 in Fighting
  1882 | D:2      | Reached skill level 5 in Axes
  1882 | D:2      | Reached XP level 5. HP: 26/48 MP: 4/4
  2194 | D:2      | Reached XP level 6. HP: 56/56 MP: 5/5
  2201 | D:2      | Found an ornate altar of the Wu Jian Council.
  2363 | D:2      | Noticed a spectral centipede
  2363 | D:2      | Noticed a spectral black mamba
  2363 | D:2      | Noticed a spectral cane toad
  4157 | D:4      | Noticed an orc warrior
  4165 | D:4      | Mangled by an orc warrior

Illustrated notes

Levels and vault maps discovered:
D:1:      shiori_arrival_whats_in_store_for_you, layout_basic
D:2:      layout_rooms, pdpol_wu_jian_five_deadly_venoms,
          nzn_hepliaklqana_mist_gate, uniq_sigmund, uniq_jessica
D:3:      layout_basic
D:4:      layout_basic, marbit_many_paths, kennysheep_mini_moat,
          uniq_crazy_yiuf_cottage

Skill      XL: |  1  2  3  4  5  6 |
---------------+-------------------+-----
Axes           | 4 5 |  5.6
Fighting       | 4 5 |  5.6
Armour         | 3 4 |  4.8
Dodging        | 3 4 |  4.4

Action                   |  1- 3 |  4- 6 || total
-------------------------+-------+-------++-------
Melee: Hand axe          |    78 |   117 ||   195
       Headbutt          |    11 |    13 ||    24
Invok: Trog's Hand       |     1 |       ||     1
       Berserk           |       |     1 ||     1
Armor: Animal skin       |     6 |    13 ||    19
       Leather armour    |       |     9 ||     9
Dodge: Dodged            |    43 |    65 ||   108
